 Dungeon Crawl Stone Soup version 0.16.1-18-g436b03c (webtiles) character file.

4251 Lathuz the Severer (level 10, -12/78 HPs)
             Began as a Minotaur Berserker on May 2, 2015.
             Was a High Priest of Trog.
             Mangled by a two-headed ogre
             ... wielding a +0 giant club
              (13 damage)
             ... on level 9 of the Dungeon.
             The game lasted 00:41:06 (9686 turns).

Lathuz the Severer (Minotaur Berserker)             Turns: 9686, Time: 00:41:07

Health: -12/78     AC: 11    Str: 21      XL:     10   Next: 10%
Magic:  1/1        EV:  6    Int:  4      God:    Trog [*****.]
Gold:   211        SH:  0    Dex: 10 (14) Spells: 0 memorised, 9 levels left

rFire  . . .     SeeInvis +     R - +1 battleaxe (antimagic)
rCold  . . .     Clarity  .     q - +0 plate armour
rNeg   . . .     SustAb   .     (no shield)
rPois  +         Gourm    .     (helmet restricted)
rElec  .         Spirit   .     (no cloak)
rCorr  .         Warding  .     (no gloves)
rMut   .         Stasis   .     (no boots)
MR     .....                    (no amulet)
Stlth  ..........               y - ring of see invisible
                                m - ring of poison resistance

@: exhausted, slowed, very slow, not resistant to hostile enchantments,
extremely unstealthy
A: retaliatory headbutt, horns 2
a: Burn Spellbooks, Berserk, Trog's Hand, Brothers in Arms, Renounce Religion


You were on level 9 of the Dungeon.
You worshipped Trog.
Trog was extremely pleased with you.
You were near starving.

You visited 1 branch of the dungeon, and saw 9 of its levels.

You collected 266 gold pieces.
You spent 55 gold pieces at shops.

Inventory:

Hand weapons
 a - a +0 hand axe
 u - a cursed -3 hand axe
 R - a +1 antimagic battleaxe (weapon)
Missiles
 N - a throwing net (quivered)
Armour
 b - a +0 scale mail
 h - a cursed +0 leather armour
 o - a +0 ring mail
 p - a +1 ring mail of positive energy
 q - a +0 plate armour (worn)
 H - a +0 pair of boots
Jewellery
 m - a ring of poison resistance (left hand)
 y - a ring of see invisible (right hand)
 J - an uncursed ring of fire
Magical devices
 r - a wand of hasting (4)
 x - a wand of fire (9)
 D - a wand of polymorph (10)
 G - a wand of digging (4)
Scrolls
 g - 6 scrolls of identify
 i - 2 scrolls of enchant weapon {unknown}
 l - 2 scrolls of immolation {unknown}
 n - a scroll of noise
 s - a scroll of enchant armour {unknown}
 t - 2 scrolls of teleportation
 v - a scroll of fear
 K - a scroll of summoning {unknown}
 L - a scroll of fog {unknown}
 O - a scroll of silence {unknown}
Potions
 e - a potion of mutation {unknown}
 f - 2 potions of haste {unknown}
 j - 6 potions of curing {unknown}
 k - 3 potions of magic {unknown}
 z - a potion of berserk rage {unknown}
 B - 2 potions of heal wounds {unknown}
 E - 3 potions of might {unknown}
 F - a potion of restore abilities {unknown}
 I - a potion of ambrosia {unknown}
 P - a potion of flight {unknown}
 Q - 2 potions of cancellation {unknown}
Comestibles
 c - 7 bread rations
 d - 5 meat rations
 w - a slice of pizza
 A - 3 royal jellies
 C - 3 fruits
 M - 5 beef jerkies


   Skills:
 + Level 3.7 Fighting
 - Level 16.5 Axes
 + Level 2.6 Armour
 - Level 2.1 Dodging
 + Level 0.4 Evocations


You had 9 spell levels left.
You didn't know any spells.

Dungeon Overview and Level Annotations

Branches:
Dungeon (9/15)             Temple (0/1) D:5
   Lair: D:8-11         Orc: D:9-12

Altars:
Ashenzari
Cheibriados
Dithmenos
Elyvilon
Kikubaaqudgha
Okawaru
Ru
Yredelemnul
Zin

Shops:
D:4 ***}   D:7 [(


Innate Abilities, Weirdness & Mutations

You reflexively headbutt those who attack you in melee.
You have a pair of horns on your head.


Message History

The two-headed ogre completely misses you.
Things that are here:
an uncursed shortbow; 9 arrows; a centaur corpse You feel a strong urge to attack something.
The two-headed ogre hits you with a giant club!
The two-headed ogre hits you with a giant spiked club.
You feel your anger subside.
You are no longer berserk.
You are exhausted.
You feel yourself slow down.
You are near starving!
The two-headed ogre closely misses you.
The two-headed ogre hits you with a giant spiked club!
* * * LOW HITPOINT WARNING * * *
You hit the two-headed ogre.
The two-headed ogre is lightly wounded.
The two-headed ogre hits you with a giant club!
* * * LOW HITPOINT WARNING * * *
The two-headed ogre hits you with a giant spiked club!
You die...

...........
............ .#
............ .#
...........# .#
.......##<.#######.#
.......##..........#
.......##.!....)...#
.......##((....O...#
.......##.......@..#
...................#
...................#
...........######..#
...........# ..#
...........# ..#
............ ..#
............. ..#
#####+####..# .


You could see a two-headed ogre.

Vanquished Creatures
  5 yaks (D:9)
  Eustachio (D:6)
  A hungry ghost (D:8)
  2 orc warriors (D:6)
  5 ice beasts
  5 centaurs
  2 phantoms (D:4)
  2 black bears
  7 ogres
  A big kobold (D:8)
  2 giant frogs
  3 scorpions
  A crimson imp (D:5)
  3 hounds
  A quasit (D:7)
  2 orc wizards
  4 jellies
  3 orc priests
  3 iguanas
  3 worker ants
  2 hound skeletons
  A hound zombie (D:7)
  A mummy (D:8)
  A worker ant zombie (D:5)
  10 adders
  3 river rats (D:6)
  2 shadow imps (D:7)
  A giant mite (D:1)
  4 worms (D:2)
  An adder skeleton (D:4)
  An adder zombie (D:5)
  3 giant geckos
  2 oozes
  26 orcs
  A bat zombie (D:2)
  8 giant cockroaches
  7 goblins
  9 hobgoblins
  4 jackals (D:5)
  7 quokkas
  A ball python (D:7)
  13 bats
  A giant gecko skeleton (D:7)
  4 giant newts
  12 kobolds
  A quokka zombie (D:5)
  12 rats
  5 ballistomycetes (D:6)
199 creatures vanquished.

Vanquished Creatures (others)
  A worker ant zombie (D:5)
  A giant spore (D:6)
  A ballistomycete (D:6)
3 creatures vanquished.

Grand Total: 202 creatures vanquished

Notes
Turn   | Place    | Note
--------------------------------------------------------------
     0 | D:1      | Lathuz, the Minotaur Berserker, began the quest for the Orb.
     0 | D:1      | Reached XP level 1. HP: 19/19 MP: 1/1
   148 | D:1      | Reached skill level 4 in Axes
   279 | D:1      | Reached XP level 2. HP: 26/26 MP: 1/1
   296 | D:1      | Acquired Trog's second power
   519 | D:1      | Reached skill level 5 in Axes
   696 | D:1      | Reached XP level 3. HP: 31/31 MP: 2/2
  1035 | D:2      | Found a snail-covered altar of Cheibriados.
  1035 | D:2      | Found a sacrificial altar of Ru.
  1036 | D:2      | Found a white marble altar of Elyvilon.
  1117 | D:2      | Found a shattered altar of Ashenzari.
  1269 | D:2      | Reached XP level 4. HP: 32/39 MP: 2/2
  1287 | D:2      | Found an ancient bone altar of Kikubaaqudgha.
  1359 | D:2      | Reached skill level 6 in Axes
  1389 | D:3      | You fall through a shaft for 2 floors!
  1389 | D:5      | Entered Level 5 of the Dungeon
  1413 | D:5      | Reached skill level 7 in Axes
  1413 | D:5      | Reached XP level 5. HP: 18/45 MP: 2/2
  1702 | D:4      | Noticed a phantom
  1730 | D:4      | Killed a phantom
  1730 | D:4      | Reached skill level 8 in Axes
  2208 | D:4      | Reached XP level 6. HP: 44/51 MP: 3/3
  2218 | D:4      | Noticed an ice beast
  2228 | D:4      | Killed an ice beast
  2236 | D:4      | Found Heuwoef's General Store.
  2244 | D:4      | Noticed a phantom
  2259 | D:4      | Reached skill level 9 in Axes
  2272 | D:4      | Killed a phantom
  2370 | D:4      | Noticed an ogre
  2380 | D:4      | Killed an ogre
  2380 | D:4      | Reached XP level 7. HP: 33/57 MP: 3/3
  2676 | D:4      | Found an iron altar of Okawaru.
  2676 | D:4      | Found a basalt altar of Yredelemnul.
  2745 | D:4      | Reached skill level 10 in Axes
  2846 | D:4      | Found Psaal's Assorted Antiques.
  2866 | D:4      | Found Muvacsaw's Gadget Boutique.
  2952 | D:4      | Acquired Trog's third power
  3300 | D:4      | Found Duapig's General Store.
  3308 | D:4      | Bought a scroll of identify for 20 gold pieces
  3308 | D:4      | Bought a scroll of fear for 35 gold pieces
  3626 | D:5      | Found a staircase to the Ecumenical Temple.
  3791 | D:5      | Reached skill level 11 in Axes
  4874 | D:5      | Reached XP level 8. HP: 38/64 MP: 3/3
  5317 | D:6      | Reached skill level 12 in Axes
  5423 | D:6      | Noticed Eustachio
  5523 | D:6      | Killed Eustachio
  6136 | D:6      | Reached skill level 13 in Axes
  6910 | D:7      | Reached XP level 9. HP: 57/70 MP: 4/4
  6915 | D:7      | Reached skill level 14 in Axes
  7106 | D:7      | Found Warghim's Antique Weapon Shoppe.
  7660 | D:7      | Found a sand-covered staircase.
  7806 | D:7      | Found Loytzoer's Antique Armour Boutique.
  7846 | D:7      | Found a shadowy altar of Dithmenos.
  8519 | D:8      | Reached skill level 15 in Axes
  8873 | D:8      | Found a glowing silver altar of Zin.
  8885 | D:8      | Received a gift from Trog
  9406 | D:9      | Reached skill level 16 in Axes
  9413 | D:9      | Reached XP level 10. HP: 65/77 MP: 1/4
  9686 | D:9      | HP: 1/78 [two-headed ogre/giant club (17)]
  9686 | D:9      | Mangled by a two-headed ogre

Action                   |  1- 3 |  4- 6 |  7- 9 | 10-12 || total
-------------------------+-------+-------+-------+-------++-------
Melee: Hand axe          |    96 |    87 |   473 |       ||   656
       Battleaxe         |       |       |    44 |    12 ||    56
Invok: Berserk           |       |     4 |     9 |     1 ||    14
       Burn Spellbooks   |       |       |     1 |       ||     1
Evoke: Wand              |       |       |     1 |       ||     1
  Use: Scroll            |       |       |     4 |       ||     4
  Eat: Chunk             |     1 |     2 |    10 |     1 ||    14
       Bread ration      |       |     1 |     2 |       ||     3
       Meat ration       |       |       |     2 |       ||     2
       Fruit             |       |       |     2 |       ||     2
       Beef jerky        |       |       |     1 |       ||     1
